 Dungeon Crawl Stone Soup version 0.17-a0-1397-g0eee0a3 (webtiles) character file.

19 Hanyuu the Insei (level 2, 0/18 HPs)
             Began as an Octopode Transmuter on June 17, 2015.
             Slain by a gnoll (6 damage)
             ... on level 1 of the Dungeon.
             The game lasted 00:01:25 (859 turns).

Hanyuu the Insei (Octopode Transmuter)               Turns: 859, Time: 00:01:25

Health: 0/18       AC:  1    Str:  9    XL:     2   Next: 75%
Magic:  5/5        EV: 12    Int: 15    God:
Gold:   70         SH:  0    Dex: 12    Spells: 1 memorised, 4 levels left

rFire  . . .     SeeInvis .     f - +2 short sword (speed)
rCold  . . .     Clarity  .     (no shield)
rNeg   . . .     SustAt   .     (helmet restricted)
rPois  .         Gourm    .     (no amulet)
rElec  .         Spirit   .     (no ring)
rCorr  .         Warding  .     (no ring)
rMut   .         Stasis   .     (no ring)
MR     .....                    (no ring)
Stlth  ++........               (no ring)
                                (no ring)
                                (no ring)
                                (no ring)

@: not resistant to hostile enchantments, unstealthy
A: almost no armour, amphibious, 8 rings, constrict 8, camouflage 1, gelatinous
body 1
a: no special abilities


You were on level 1 of the Dungeon.
You were not hungry.

You visited 1 branch of the dungeon, and saw 2 of its levels.

You collected 70 gold pieces.

Inventory:

Hand weapons
 f - a +2 short sword of speed (weapon)
Missiles
 a - 28 arrows
Jewellery
 d - a cursed amulet of inaccuracy {unknown}
Scrolls
 e - a scroll of remove curse {unknown}
 h - a scroll of blinking {unknown}
Books
 b - a book of Changes

   Spells                             Type                      Level
   a - Beastly Appendage              Transmutation                1
   b - Sticks to Snakes               Transmutation                2
   c - Spider Form                    Transmutation/Poison         3
   d - Ice Form                       Ice/Transmutation            4
   e - Blade Hands                    Transmutation                5
Comestibles
 c - a bread ration
 g - a meat ration
 i - 2 chunks of flesh


   Skills:
 - Level 1.0 Fighting
 - Level 2.0 Dodging
 + Level 3.9 Unarmed Combat
 - Level 2.0 Spellcasting
 - Level 2.0 Transmutations


You had 4 spell levels left.
You knew the following spells:

 Your Spells              Type           Power        Failure   Level  Hunger
a - Beastly Appendage     Trmt           #.....       12%         1    #......


Dungeon Overview and Level Annotations

Branches:
Dungeon (2/15)

Altars:

Annotations:
D:2 Jessica


Innate Abilities, Weirdness & Mutations

You cannot wear most types of armour.
You are amphibious.
You can wear up to eight rings at the same time.
You can use your tentacles to constrict eight enemies at once.
Your skin changes colour to match your surroundings (Stealth).
Your rubbery body absorbs attacks (AC +1).


Message History

Found a leather armour, a flail and a short sword.
There is a stone staircase leading up here.
The gnoll hits you. The gnoll hits you with a halberd.
Jessica gestures at you while chanting. Pain shoots through your body!
You climb upwards.
There is a stone staircase leading down here.
The gnoll barely misses you.
You see here a stone.
You hit the gnoll. You grab the gnoll.
The gnoll is moderately wounded.
You constrict the gnoll, but do no damage.
The gnoll hits you.
You hit the gnoll. You tentacle-slap the gnoll.
The gnoll is severely wounded.
You constrict the gnoll. You barely miss the gnoll.
The gnoll is severely wounded.
You constrict the gnoll. The gnoll hits you.
You die...

.#..#.#.#.###.#.#.#####.#########
.#.##.#.#.....#.#..#....#
....#.#.#######.##.#....#
.####.#.........##.#....# .#
#.############.####.# .####.#
###### #.## #.# ......# #....#
#..# #.#
#####.#####.)..####.###.#
#....##.....'@gg..##.#
#....##.....####..##.#
##########.....# #..##.##
...........##### #......#
###################.#.#..#
......#...........#.#.(..#
#####.#.#########.####...#####
#.#....#####.............#
###..#.#.........).......#


You could see 2 gnolls.

Vanquished Creatures
  2 giant geckos (D:1)
  2 bats (D:1)
  3 hobgoblins (D:1)
  5 kobolds (D:1)
  A giant newt (D:1)
  2 goblins (D:1)
  A rat (D:1)
16 creatures vanquished.

Notes
Turn   | Place    | Note
--------------------------------------------------------------
     0 | D:1      | Hanyuu the Octopode Transmuter began the quest for the Orb.
     0 | D:1      | Reached XP level 1. HP: 13/13 MP: 3/3
   164 | D:1      | Reached XP level 2. HP: 9/18 MP: 5/5
   841 | D:2      | Noticed Jessica
   859 | D:1      | Slain by a gnoll

Vault maps used:
D:1:      minmay_arrival_nine_rooms
D:2:      first_bread, uniq_jessica

Action                   || total
-------------------------++-------
Melee: Unarmed           ||    14
       Short sword       ||    21
 Stab: Sleeping          ||     3
       Distracted        ||     1
